Map: Blackpink LE

Players

Fixed

  • Race: Terran Terran
  • Spawn Location: 1:00

blackxored - Winner!

  • Race: Zerg Zerg
  • League: Diamond
  • Spawn Location: 7:00

VOD

Have the link to the VOD?

Description

Time

  • Played on: Nov. 18, 2017, 4:05 p.m.
  • Length: 28:33
Show
View Real Time Build Order
Export as new Build Order

Fixed Terran 

Build Orders: Mech 

Get SALT Encoding   

  12  0:01  SCV  
  13  0:13  SCV  
  14  0:17  Supply Depot  
  14  0:25  SCV  
  15  0:39  SCV  
  15  0:40  Barracks  
  16  0:51  SCV  
  17  1:03  SCV  
  18  1:16  Command Center  
  18  1:19  SCV  
  19  1:31  Orbital Command  
  19  1:33  Marine  
  20  1:43  Supply Depot  
  20  1:51  Refinery  
  20  1:53  Refinery  
  20  1:57  SCV  
  20  1:58  Marine  
  22  2:10  SCV  
  23  2:16  Marine  
  23  2:22  SCV  
  25  2:36  Bunker  
  25  2:37  Marine  
  25  2:38  SCV  
  27  2:44  Factory  
  27  2:47  Orbital Command  
  27  2:50  SCV  
  28  2:57  Factory  
  28  2:59  Marine  
  28  3:02  SCV  
  30  3:16  SCV x2  
  32  3:28  Supply Depot, SCV x2, Factory Tech Lab  
  32  3:30  Marine  
  35  3:40  SCV x2, Factory Reactor  
  37  3:47  Infernal Pre-Igniter, Hellion  
  39  3:48  Marine  
  39  3:52  SCV x2  
  42  4:04  SCV x2  
  42  4:06  Marine  
  42  4:08  Hellion  
  47  4:11  Supply Depot  
  47  4:16  SCV x2  
  49  4:21  Hellion x2  
  53  4:25  Engineering Bay  
  53  4:28  SCV  
  54  4:32  Refinery  
  54  4:33  Refinery, SCV, Hellion  
  54  4:34  Supply Depot  
  57  4:42  Hellion x2  
  57  4:44  SCV  
  62  4:56  SCV, Hellion  
  65  5:00  Supply Depot, SCV  
  65  5:03  Hellion  
  65  5:04  Hellion  
  70  5:22  SCV x2, Siege Tank  
  70  5:24  Supply Depot  
  70  5:25  Supply Depot, Hellion x2  
  73  5:40  SCV x2  
  75  5:45  Command Center  
  75  5:46  Hellion  
  75  5:47  Supply Depot, Hellion  
  79  5:54  SCV x2, Siege Tank  
  84  6:00  Armory  
  84  6:02  Armory  
  84  6:07  Factory  
  84  6:08  Factory, SCV x2  
  86  6:13  Factory  
  86  6:16  Hellion x2  
  86  6:17  Supply Depot  
  90  6:32  SCV x2  
  92  6:39  Siege Tank  
  97  6:40  Hellion x2  
  99  7:00  Orbital Command  
  99  7:10  Factory Tech Lab  
  99  7:11  Factory Tech Lab x2  
  99  7:13  Terran Vehicle And Ship Armor Level 1, Terran Vehicle Weapons Level 1  
  99  7:14  Refinery, Siege Tank  
  99  7:15  Refinery, Hellion x2  
  106  7:20  Supply Depot, SCV x2  
  108  7:32  SCV x2  
  110  7:41  Siege Tank x3  
  110  7:42  Hellion x2  
  106  7:58  Hellion  
  106  8:00  SCV x2  
  106  8:04  Hellion x2  
  106  8:12  SCV x2  
  98  8:15  Siege Tank x2  
  98  8:16  Siege Tank  
  98  8:18  Marine  
  104  8:20  Hellion  
  104  8:25  Hellion  
  97  8:41  Hellion, Siege Tank  
  99  8:42  SCV x2  
  99  8:45  Orbital Command  
  99  8:46  Hellion  
  99  8:47  Siege Tank  
  99  8:48  Siege Tank  
  100  8:54  SCV  
  100  8:55  Siege Tank  
  104  9:02  SCV  
  105  9:06  SCV  
  106  9:11  Terran Vehicle Weapons Level 2  
  106  9:14  SCV  
  107  9:18  SCV  
  107  9:23  Siege Tank  
  111  9:25  Hellion  
  111  9:26  Hellion x2, SCV  
  118  9:33  Command Center  
  118  9:41  Siege Tank  
  118  9:42  Siege Tank  
  124  9:50  Siege Tank  
  107  10:00  Siege Tank  
  107  10:01  Hellion x2  
  114  10:14  Hellion, Siege Tank  
  119  10:15  Terran Vehicle And Ship Armor Level 2  
  119  10:20  Supply Depot  
  119  10:21  Supply Depot  
  119  10:22  Hellion x2  
  119  10:24  Supply Depot  
  121  10:36  Siege Tank  
  121  10:37  Hellion, Siege Tank  
  124  10:44  Hellion x2  
  124  10:46  Hellion  
  124  10:47  Factory  
  124  10:48  Factory  
  126  11:09  Siege Tank x3  
  126  11:10  Hellion x2  
  103  11:26  Siege Tank  
  103  11:30  Command Center  
  103  11:32  Hellion x2  
  110  11:34  Planetary Fortress  
  106  11:41  Refinery x2, Factory Tech Lab, Hellion  
  106  11:42  Hellion x2, Factory Tech Lab  
  112  11:53  Hellion x2, Marine  
  117  11:57  SCV x2  
  117  12:01  Supply Depot  
  119  12:07  Hi-Sec Auto Tracking  
  119  12:09  Thor x2  
  119  12:11  Hellion x4  
  119  12:14  Hellion x2  
  143  12:26  Sensor Tower x2  
  143  12:28  SCV x4  
  147  12:31  Supply Depot  
  147  12:32  Hellion  
  147  12:33  Terran Vehicle Weapons Level 3  
  147  12:35  Hellion x3  
  147  12:36  Hellion  
  157  12:40  SCV  
  158  12:59  Thor  
  158  13:00  Thor x2  
  176  13:13  Terran Vehicle And Ship Armor Level 3  
  176  13:18  Refinery  
  176  13:24  Sensor Tower  
  174  13:48  Thor x3  
  174  13:50  Hellion x3  
  186  14:18  Sensor Tower  
  186  14:36  Planetary Fortress  
  186  14:37  Refinery  
  186  14:50  Starport  
  186  14:51  Starport  
  186  14:52  Starport  
  186  14:55  SCV  
  186  14:56  SCV x3  
  190  15:05  Thor  
  165  15:45  Starport Reactor x3  
  165  15:49  Thor x3  
  183  15:51  Hellion x2  
  187  16:07  Refinery  
  187  16:16  Liberator  
  187  16:17  Liberator  
  187  16:18  Liberator x2  
  187  16:20  Liberator x2  
  187  16:31  Command Center  
  187  16:35  Supply Depot x2  
  187  16:39  Thor x2  
  186  16:41  Thor  
  186  16:46  Thor x2  
  154  17:02  Hellion x2  
  154  17:04  Thor  
  168  17:22  Hellion  
  168  17:23  Hellion  
  168  17:24  Hellion x2  
  168  17:25  Hellion  
  168  17:29  Hellion  
  176  17:31  Liberator x2  
  176  17:32  Liberator  
  170  17:46  Hellion x4  
  170  17:47  Hellion x3  
  187  18:04  Liberator  
  187  18:05  Liberator x2  
  159  18:14  Liberator  
  159  18:20  Liberator x2  
  157  18:39  Siege Tank x3  
  157  18:40  Hellion  
  174  18:47  Liberator  
  149  19:38  Thor x3  
  149  19:40  Hellion x4  
  152  20:09  Thor  
  152  20:10  Thor  
  162  20:34  SCV x3  
  162  20:35  SCV x2  
  167  20:46  SCV x2  
  167  20:47  SCV x2  
  160  21:13  Planetary Fortress  
  160  21:19  Hellion x2  
  160  21:20  Hellion  
  166  21:30  Refinery  
  166  21:31  Refinery  
  113  22:03  Hellion x2  
  113  22:04  Hellion x3  
  87  22:19  SCV  
  87  22:20  SCV x3  
  91  22:24  Hellion  
  91  22:25  Hellion  
  95  22:30  Liberator x2  
  95  22:31  Liberator  
  95  22:32  SCV  
  96  22:45  Thor  
  105  23:02  Sensor Tower  
  105  23:13  Hellion  
  105  23:14  Hellion x4  
  115  23:20  Liberator  
  115  23:21  Liberator  
  115  23:26  Command Center  
  115  23:28  Hellion  
  117  23:35  Hellion x4  
  131  23:59  Sensor Tower  
  109  24:18  Liberator  
  109  24:38  Hellion x5  
  122  24:39  Hellion  
  124  24:57  Refinery  
  124  24:59  Hellion x2  
  120  25:02  Liberator  
  108  25:09  Command Center  
  111  25:47  Planetary Fortress  
  99  26:11  Hellion  
  99  26:12  Hellion x4  
  105  26:46  Hellion x3  
  70  26:53  SCV x2  
  48  27:14  Hellion x4  
  48  27:15  Hellion  
  57  27:33  Hellion  
  57  27:35  Hellion  
  57  27:36  Hellion x4  
  66  27:53  SCV x4  
  69  28:05  SCV x4  
  73  28:17  SCV  
Show
View Real Time Build Order
Export as new Build Order

blackxored Zerg - Winner!

Build Orders: Hatch First, Swarm Host 

Get SALT Encoding   

  12  0:01  Drone  
  13  0:13  Overlord  
  13  0:17  Drone  
  14  0:32  Drone x2  
  14  0:35  Drone  
  17  0:54  Hatchery  
  17  0:57  Drone  
  17  0:59  Drone  
  18  1:10  Extractor  
  17  1:14  Spawning Pool  
  17  1:17  Drone  
  17  1:20  Drone  
  18  1:29  Drone  
  19  1:40  Overlord  
  19  1:50  Drone  
  20  2:00  Queen  
  23  2:01  Zergling x2  
  23  2:05  Queen  
  23  2:06  Zergling x2  
  26  2:12  Metabolic Boost, Zergling x2  
  27  2:17  Drone  
  27  2:22  Drone  
  29  2:28  Drone  
  30  2:35  Overlord  
  30  2:36  Queen  
  32  2:46  Drone x2  
  34  2:59  Drone x2  
  34  3:00  Pneumatized Carapace  
  34  3:03  Overlord  
  36  3:06  Drone  
  36  3:14  Drone  
  36  3:18  Drone  
  38  3:20  Drone x6  
  44  3:36  Drone, Hatchery  
  44  3:37  Drone  
  45  3:43  Evolution Chamber  
  45  3:45  Evolution Chamber  
  45  3:46  Overlord  
  43  3:50  Overlord  
  43  4:00  Zergling x8  
  43  4:01  Zergling x4  
  49  4:11  Zergling x6  
  52  4:19  Roach Warren, Drone  
  52  4:20  Queen  
  54  4:25  Overlord x2  
  54  4:30  Zerg Ground Armor Level 1  
  54  4:34  Zerg Missile Weapons Level 1  
  54  4:54  Queen  
  54  4:55  Queen  
  54  4:57  Overlord x2  
  58  5:00  Queen  
  60  5:08  Overlord x2  
  60  5:17  Roach x3  
  60  5:18  Roach  
  68  5:29  Queen  
  65  5:35  Roach  
  65  5:36  Roach x3  
  65  5:38  Queen  
  72  5:51  Roach  
  72  5:57  Drone x8  
  82  6:13  Drone x3  
  82  6:14  Extractor  
  84  6:19  Extractor, Drone x2  
  84  6:20  Extractor, Drone x3  
  84  6:21  Drone x2  
  84  6:22  Drone  
  90  6:32  Drone x4  
  94  6:46  Lair  
  94  6:48  Drone x8  
  94  6:49  Queen  
  104  6:55  Drone  
  104  6:56  Drone x2  
  104  7:00  Overlord  
  107  7:09  Hatchery  
  107  7:14  Extractor, Drone x3  
  108  7:15  Drone  
  108  7:16  Extractor, Drone  
  108  7:18  Drone  
  108  7:22  Roach x3  
  116  7:27  Roach  
  116  7:28  Roach x2  
  121  7:44  Roach x4  
  109  7:53  Roach x6  
  119  8:02  Roach x2  
  121  8:07  Glial Reconstitution  
  121  8:12  Roach x2  
  119  8:19  Roach x4  
  117  8:24  Roach  
  117  8:25  Roach  
  113  8:31  Roach  
  113  8:32  Roach x3  
  110  8:41  Roach x7  
  118  8:53  Drone  
  118  8:54  Infestation Pit  
  118  9:02  Drone x7  
  125  9:13  Overseer  
  125  9:18  Extractor  
  125  9:20  Extractor  
  123  9:27  Hatchery  
  122  9:34  Hydralisk Den, Swarm Host  
  122  9:35  Swarm Host  
  122  9:37  Overlord x3  
  127  9:51  Roach x6, Zergling x2  
  124  9:58  Overlord x3  
  124  9:59  Swarm Host x3  
  122  10:00  Swarm Host x4  
  143  10:14  Swarm Host x3  
  143  10:19  Muscular Augments  
  143  10:21  Queen  
  154  10:30  Roach x8  
  154  10:31  Roach x2  
  167  10:38  Roach  
  167  10:39  Roach x3  
  167  10:41  Ravager x7  
  167  10:42  Ravager x2  
  172  10:55  Hive  
  174  10:57  Drone x10  
  174  11:20  Zerg Missile Weapons Level 2, Zerg Ground Armor Level 2  
  171  11:26  Roach x5  
  171  11:30  Drone  
  182  12:11  Overlord x3  
  182  12:19  Extractor  
  182  12:22  Extractor  
  180  12:27  Ultralisk Cavern  
  180  12:29  Drone x3  
  182  12:30  Evolution Chamber, Viper x5  
  182  12:31  Evolution Chamber x2  
  194  13:17  Chitinous Plating  
  194  13:19  Overlord x4  
  194  13:42  Ultralisk  
  196  14:16  Ultralisk x4  
  194  14:48  Ultralisk  
  194  14:51  Overlord x3  
  182  15:34  Ultralisk  
  182  15:35  Ultralisk x5  
  194  15:40  Evolution Chamber  
  194  15:42  Evolution Chamber  
  177  15:51  Ultralisk x3  
  194  16:13  Drone  
  194  16:14  Drone x3  
  194  16:15  Drone  
  193  16:39  Ultralisk x2  
  175  16:49  Ultralisk x5  
  193  16:55  Viper x2  
  193  16:57  Zergling x2  
  193  16:58  Zergling x20  
  192  17:03  Adrenal Glands  
  192  17:07  Drone  
  193  17:15  Extractor  
  192  17:17  Hatchery  
  192  17:20  Extractor x2  
  192  17:21  Zergling x2  
  192  17:22  Zergling x18  
  175  18:03  Zergling x2  
  175  18:04  Zergling x34  
  172  18:11  Hydralisk x2  
  138  18:25  Spore Crawler x2  
  132  18:27  Spore Crawler x2  
  132  18:30  Hydralisk x6  
  132  18:31  Hydralisk x4  
  150  18:44  Ultralisk x6  
  186  18:52  Hydralisk x6  
  171  20:02  Viper x2  
  171  20:03  Viper x2  
  183  20:19  Zerg Missile Weapons Level 3, Zerg Ground Armor Level 3  
  183  20:24  Spire  
  183  20:27  Hydralisk x3  
  183  20:28  Hydralisk x5  
  198  21:06  Overlord x3  
  153  21:58  Ultralisk x3  
  153  21:59  Ultralisk x2  
  161  22:08  Hydralisk x10  
  158  22:14  Ultralisk  
  181  22:58  Extractor  
  180  23:00  Greater Spire, Hatchery  
  180  23:03  Extractor  
  178  23:07  Zerg Melee Weapons Level 1  
  178  23:20  Queen x4  
  186  23:32  Hatchery  
  186  23:33  Queen  
  187  23:34  Extractor  
  187  23:35  Extractor  
  187  23:41  Hydralisk x7  
  171  24:17  Ultralisk  
  171  24:18  Ultralisk x3  
  187  24:39  Viper  
  190  25:06  Nydus Network  
  168  25:11  Viper x2  
  162  25:57  Nydus Canal  
  162  25:59  Hydralisk x8  
  162  26:00  Hydralisk x10  
  168  26:09  Roach x14  
  184  26:17  Zerg Flyer Armor Level 1  
  184  26:20  Queen x3  
  184  26:21  Queen x2  
  191  26:32  Ultralisk  
  144  26:49  Hydralisk x10  
  124  27:00  Zergling x8  
  124  27:01  Zergling x32  
  129  27:14  Corruptor x4  
  129  27:15  Corruptor  
  128  27:31  Hydralisk x8  
  135  27:57  Corruptor x5  
  138  28:02  Drone x12  
  147  28:08  Drone x7  
Tags
 
Composition
MechSwarm Host
League
Diamond
Matchup
TvZ
Spawn Locations
Cross Positions
Add a new tag
Caveats
  • Supply blocks, unpowered buildings, or Contaminate may cause inaccurate times.
  • Supply counts are checked every 10 seconds.